 Dungeon Crawl Stone Soup version 0.22.1-1-ga44c0e5 (webtiles) character file.

420 thomasnlv21 the Chopper (level 6, -2/56 HPs)
             Began as a Minotaur Berserker on Nov 2, 2018.
             Was a Priest of Trog.
             Slain by a slave (3 damage)
             ... led by Pikel
             ... on level 4 of the Dungeon.
             The game lasted 00:14:33 (3403 turns).

thomasnlv21 the Chopper (Minotaur Berserker)        Turns: 3403, Time: 00:14:33

Health: -2/56      AC: 14    Str: 23    XL:     6   Next: 62%
Magic:  5/5        EV:  5    Int:  4    God:    Trog [***...]
Gold:   102        SH: 10    Dex: 12    Spells: 5/5 levels left

rFire    . . .     SeeInvis .   e - +1 war axe
rCold    + . .     Gourm    .   k - +1 shield
rNeg     . . .     Faith    .   j - +2 plate armour {rC+}
rPois    .         Spirit   .   (helmet restricted)
rElec    .         Reflect  .   (no cloak)
rCorr    .         Harm     .   (no gloves)
MR       .....                  m - +0 pair of boots
Stlth    ..........             o - amulet of magic regeneration
HPRegen  0.18/turn              g - ring of flight
MPRegen  0.34/turn              l - +2 ring of dexterity

@: berserk cooldown, slowed, very slow
A: retaliatory headbutt, horns 2
a: Berserk, Trog's Hand, Renounce Religion, Evoke Flight


You were on level 4 of the Dungeon.
You worshipped Trog.
Trog was most pleased with you.
You were hungry.

You visited 1 branch of the dungeon, and saw 4 of its levels.

You collected 102 gold pieces.

Inventory:

Hand Weapons
 a - a +0 hand axe
 e - a +1 war axe (weapon)
 h - a +3 flail
Armour
 b - a +0 chain mail
 j - a +2 plate armour of cold resistance (worn)
 k - a +1 shield (worn)
 m - a +0 pair of boots (worn)
Jewellery
 g - a ring of flight (left hand)
 l - a +2 ring of dexterity (right hand)
 o - an amulet of magic regeneration (around neck)
Scrolls
 i - a scroll of teleportation
Potions
 f - a potion of curing
Comestibles
 c - 10 rations


   Skills:
 * Level 5.0 Fighting
 * Level 6.7 Axes
 + Level 3.9 Armour
 + Level 3.0 Dodging
 + Level 0.7 Stealth
 + Level 2.1 Shields


You had 5 spell levels left.
You didn't know any spells.
Your spell library was empty.

Dungeon Overview and Level Annotations

Branches:
Dungeon (4/15)
 Temple: D:4-7

Altars:
Cheibriados
Nemelex Xobeh

Annotations:
D:4 Pikel


Innate Abilities, Weirdness & Mutations

You reflexively headbutt those who attack you in melee.
You have a pair of horns on your head.


Message History

The slave barely misses you. You furiously retaliate!
You headbutt the slave. The slave hits you but does no damage.
Pikel hits you but does no damage.
You are electrocuted!
* * * LOW HITPOINT WARNING * * *
The slave hits you but does no damage.
You slash Pikel!
Pikel is moderately wounded.
You hit the slave. You slash the slave!
You kill the slave!
That felt strangely unrewarding.
You hit the slave. You hit the slave but do no damage.
You block the slave's attack. The slave hits you but does no damage.
Pikel hits you but does no damage.
The slave hits you but does no damage. x2; You block the slave's attack.
The slave hits you but does no damage. You block Pikel's attack.
You hit Pikel. Your headbutt misses Pikel.
Pikel is moderately wounded.
You miss the slave. You hit the slave but do no damage.
You barely miss the slave. The slave hits you but does no damage.
The slave closely misses you. Pikel barely misses you. The slave hits you.
You die...

###
#######...
#####...#...
#.........#
#.....).#
...#....[..#
#.....@p.<#
####.pKp.##
#.......#
#.......#
.........#
#..?.....##
####......
..####..


You could see Pikel and 3 slaves.

Vanquished Creatures
  A slave (D:4)
  2 ogres
  A centaur (D:3)
  Natasha (D:3)
  An orc wizard (D:3)
  4 adders
  An ooze (D:2)
  2 worms (D:2)
  2 dart slugs
  7 orcs (D:3)
  4 giant cockroaches
  4 goblins
  7 hobgoblins
  2 jackals (D:3)
  6 kobolds
  2 quokkas (D:2)
  2 ball pythons
  A ball python skeleton (D:2)
  5 bats
  7 frilled lizards
  A leopard gecko skeleton (D:4)
  7 rats
70 creatures vanquished.

Notes
Turn   | Place    | Note
-------+----------+-------------------------------------------
     0 | D:1      | thomasnlv21 the Minotaur Berserker began the quest for the
                  | Orb.
     0 | D:1      | Reached XP level 1. HP: 19/19 MP: 0/0
     2 | D:1      | Noticed a demonspawn
     4 | D:1      | Noticed a merfolk
     4 | D:1      | Noticed a halfling
     6 | D:1      | Noticed an octopode
     6 | D:1      | Noticed a centaur
     8 | D:1      | Noticed an ogre
    10 | D:1      | Noticed a formicid
    10 | D:1      | Noticed a vampire
    12 | D:1      | Noticed a vine stalker
    12 | D:1      | Noticed a minotaur
    14 | D:1      | Noticed a naga
    14 | D:1      | Noticed a dwarf
    16 | D:1      | Noticed a draconian
    16 | D:1      | Noticed a tengu
    18 | D:1      | Noticed an elf
    18 | D:1      | Noticed a gargoyle
    20 | D:1      | Noticed a spriggan
    20 | D:1      | Noticed a human
    22 | D:1      | Noticed a troll
    24 | D:1      | Noticed a ghoul
    24 | D:1      | Noticed a demigod
    26 | D:1      | Noticed a felid
    94 | D:1      | Reached skill level 4 in Axes
    94 | D:1      | Reached XP level 2. HP: 27/27 MP: 1/1
   442 | D:1      | Reached ** piety under Trog
   680 | D:2      | Found a snail-covered altar of Cheibriados.
   709 | D:2      | Reached XP level 3. HP: 10/33 MP: 2/2
  1075 | D:2      | Found a sparkling altar of Nemelex Xobeh.
  1469 | D:2      | Reached skill level 5 in Axes
  1469 | D:2      | Reached XP level 4. HP: 31/40 MP: 3/3
  2507 | D:3      | Reached *** piety under Trog
  2511 | D:3      | Reached XP level 5. HP: 33/47 MP: 4/4
  2784 | D:3      | Noticed Natasha
  2792 | D:3      | Killed Natasha
  2792 | D:3      | Reached skill level 1 in Shields
  2794 | D:3      | Noticed a centaur
  2806 | D:3      | Killed a centaur
  2806 | D:3      | Reached skill level 6 in Axes
  2917 | D:3      | Noticed an ogre
  2922 | D:3      | Killed an ogre
  2922 | D:3      | Reached XP level 6. HP: 53/53 MP: 5/5
  3389 | D:4      | Noticed Pikel
  3389 | D:4      | Noticed a slave
  3389 | D:4      | Noticed a slave
  3389 | D:4      | Noticed a slave
  3389 | D:4      | Noticed a slave
  3393 | D:4      | Reached skill level 5 in Fighting
  3401 | D:4      | HP: 1/56 [Pikel/whip of electrocution (9)]
  3402 | D:4      | Killed a slave
  3403 | D:4      | Slain by a slave

Skill      XL: |  1  2  3  4  5  6 |
---------------+-------------------+-----
Axes           | 4 5 6 |  6.7
Fighting       | 4 5 |  5.0
Armour         | 3 |  3.9
Shields        | 1 2 |  2.1
Dodging        | 3 |  3.0
Stealth        | |  0.7

Action                   |  1- 3 |  4- 6 || total
-------------------------+-------+-------++-------
Melee: Hand axe          |    43 |       ||    43
       Headbutt          |     7 |    17 ||    24
       War axe           |    19 |    92 ||   111
Invok: Berserk           |       |     3 ||     3
  Use: Potion            |     6 |     1 ||     7
       Scroll            |     5 |     3 ||     8
  Eat: Chunk             |     2 |     8 ||    10
Armor: Ring mail         |    32 |    28 ||    60
       Plate armour      |       |    28 ||    28
Dodge: Dodged            |    46 |    50 ||    96
Block: Shield            |       |    56 ||    56
